 Dungeon Crawl Stone Soup version 0.30-a0-540-g0af01429fa (webtiles) character file.

Game seed: 187133911822698038

377 Sabo the Covered (level 6, -2/54 HPs)
             Began as an Armataur Fighter on Dec 25, 2022.
             Was a Follower of Dithmenos.
             Slain by Duvessa
             ... wielding a +0 short sword
              (15 damage)
             ... on level 4 of the Dungeon.
             The game lasted 00:20:21 (3977 turns).

Sabo the Covered (Armataur Fighter)                 Turns: 3977, Time: 00:20:22

Health: -2/54      AC: 10    Str: 23    XL:     6   Next: 45%
Magic:  6/6        EV:  7    Int:  9    God:    Dithmenos [*.....]
Gold:   220        SH:  4    Dex:  9    Spells: 5/5 levels left

rFire   + . .      SeeInvis .    a - +0 war axe
rCold   . . .      Faith    .    c - +0 buckler
rNeg    + . .      Spirit   .    y - +2 scale mail {rN+}
rPois   .          Reflect  .    (no helmet)
rElec   .          Harm     .    g - +0 cloak
rCorr   .          Roll     +    (no gloves)
Will    .....                    (no barding) Stlth
                                 (no amulet)
HPRegen 0.29/turn                h - ring of protection from fire
MPRegen 0.10/turn                u - ring of wizardry

@: mighty, wreathed by umbra
A: large, rugged brown scales 3, deformed body, armoured tail, roll, long
tongue, awkward tongue
a: Renounce Religion


You were on level 4 of the Dungeon.
You worshipped Dithmenos.
Dithmenos was aware of your devotion.
You visited 1 branch of the dungeon, and saw 6 of its levels.

You collected 220 gold pieces.

Inventory:

Hand Weapons
 a - a +0 war axe (weapon)
 f - a +0 short sword of flaming
 k - a +0 sling
 l - a +4 club
Armour
 c - a +0 buckler (worn)
 g - a +0 cloak (worn)
 p - the +1 scale mail of Rofilucs {rCorr}
   (You found it on level 3 of the Dungeon)

   rCorr:     It protects you from acid and corrosion.
 y - a +2 scale mail of positive energy (worn)
Jewellery
 h - a ring of protection from fire (left hand)
 u - a ring of wizardry (right hand)
Wands
 s - a wand of charming (13)
Scrolls
 n - a scroll of magic mapping
 r - a scroll of poison
 x - a scroll of fog {unknown}
Potions
 b - a potion of brilliance {unknown}
 d - a potion of might
 e - a potion of haste
 i - a potion of mutation
 j - a potion of curing
 o - a potion of cancellation {unknown}
 q - a potion of invisibility
 z - a potion of heal wounds {unknown}


   Skills:
 + Level 3.2 Fighting
 + Level 3.6 Axes
 + Level 6.0 Armour
 + Level 0.6 Dodging
 + Level 0.2 Stealth
 + Level 4.1 Shields


You had 5 spell levels left.
You didn't know any spells.
Your spell library contained the following spells:

 Spells                   Type           Power      Damage    Failure   Level
 Sting                    Tmut/Pois      0%         1d3       41%         1
 Poisonous Vapours        Pois/Air       0%         N/A       54%         2
 Tukima's Dance           Hex            0%         N/A       77%         3
 Olgreb's Toxic Radiance  Pois           0%         N/A       98%         4
 Passage of Golubria      Tloc           0%         N/A       98%         4
 Yara's Violent Unravell  Hex/Tmut       0%         3d3       100%        5


Dungeon Overview and Level Annotations

Branches:
Dungeon (6/15)
 Temple: D:4-7

Altars:
Dithmenos
Wu Jian

Annotations:
D:4 Duvessa
D:5 Menkaure


Innate Abilities, Weirdness & Mutations

You are completely covered in rugged brown scales. (AC +3, +7% HP)
Armour fits poorly on your strangely shaped body.
You have a long armoured tail.
You roll when moving toward enemies. (Rampage)
Your long tongue fully drains potion bottles. (2x potion effects)
Your tongue gives you trouble enunciating. (1.5x scroll delay)


Message History

Dowan hits you with a +3 dagger of protection.
Duvessa hits you with a +0 short sword.
The hobgoblin hits you but does no damage.
You block Dowan's attack. Duvessa hits you with a +0 short sword.
You closely miss Dowan.
Dowan is moderately wounded.
You barely miss the hobgoblin. You barely miss Duvessa. The hobgoblin hits you.
Dowan completely misses you. Duvessa hits you with a +0 short sword.
You hit Dowan.
Your tail-slap misses Dowan.
Dowan is heavily wounded.
You closely miss the hobgoblin. You hit Duvessa but do no damage.
The hobgoblin hits you but does no damage.
Dowan hits you with a +3 dagger of protection.
Duvessa completely misses you.
You miss Dowan.
Dowan is heavily wounded.
You closely miss the hobgoblin. You barely miss Duvessa.
The hobgoblin hits you. Dowan gestures at you while chanting.
You resist with some effort. Duvessa hits you with a +0 short sword.
The hobgoblin hits you.
Dowan points at you and mumbles some strange words.
The puff of flame hits you but does no damage.
Duvessa hits you with a +0 short sword.
* * * LOW HITPOINT WARNING * * *
You barely miss Dowan.
Your tail-slap misses Dowan.
Dowan is heavily wounded.
You barely miss Duvessa. You closely miss the hobgoblin.
The hobgoblin hits you.
* * * LOW HITPOINT WARNING * * *
Dowan hits you but does no damage. Duvessa hits you but does no damage.
You slice Dowan!!
You kill Dowan!
Dithmenos accepts your kill.
Duvessa screams, "No!
How DARE you!"
Duvessa goes berserk!
You hit the hobgoblin.
You kill the hobgoblin!
Dithmenos accepts your kill.
You closely miss Duvessa. Duvessa hits you with a +0 short sword!
You die...

....... ##..........
.......##..#........
#.....#..##........
##..###.......#
##.### #<.....##
##.## ########
######.##
##...[.####
#.....@)..#
#.....e...#
#..........#
............#
##...........#
#...........#
#...........#
##..........#


You could see Duvessa (berserk).

Vanquished Creatures
  An ice beast (D:5)
  A necrophage (D:5)
  Dowan (D:4)
  An orc priest (D:3)
  Jessica (D:2)
  An orc wizard (D:3)
  5 adders
  2 worms
  5 dart slugs
  6 orcs (D:3)
  7 endoplasms
  3 giant cockroaches
  5 goblins
  6 hobgoblins
  9 jackals
  5 quokkas
  A ball python (D:3)
  5 bats
  4 frilled lizards
  13 kobolds
  4 rats
86 creatures vanquished.

Notes
Turn   | Place    | Note
-------+----------+-------------------------------------------
     0 | D:1      | Sabo the Armataur Fighter began the quest for the Orb.
     0 | D:1      | Reached XP level 1. HP: 19/19 MP: 1/1
   141 | D:1      | Reached XP level 2. HP: 26/26 MP: 2/2
   880 | D:2      | Reached skill level 4 in Armour
   880 | D:2      | Reached XP level 3. HP: 31/32 MP: 3/3
  1069 | D:2      | Noticed Jessica
  1085 | D:2      | Killed Jessica
  1235 | D:2      | Reached XP level 4. HP: 35/40 MP: 4/4
  2344 | D:2      | Upgraded the game from 0.30-a0-534-gdc55766716 to
                  | 0.30-a0-540-g0af01429fa
  2346 | D:3      | Found a shadowy altar of Dithmenos.
  2346 | D:3      | Found an ornate altar of the Wu Jian Council.
  2384 | D:3      | Identified the +1 scale mail of Rofilucs {rCorr}
  2429 | D:3      | Became a worshipper of Dithmenos the Shadowed
  2869 | D:3      | Reached XP level 5. HP: 48/48 MP: 5/5
  3034 | D:3      | You fall into a shaft and drop 3 floors!
  3043 | D:6      | Noticed an ogre
  3046 | D:5      | Entered Level 5 of the Dungeon
  3046 | D:5      | Noticed an ice beast
  3050 | D:5      | Killed an ice beast
  3051 | D:5      | Reached skill level 5 in Armour
  3128 | D:5      | Reached XP level 6. HP: 41/54 MP: 6/6
  3233 | D:5      | Noticed Menkaure
  3659 | D:3      | Reached * piety under Dithmenos
  3917 | D:4      | Reached skill level 6 in Armour
  3966 | D:4      | Noticed Duvessa
  3966 | D:4      | Noticed Dowan
  3977 | D:4      | Killed Dowan
  3977 | D:4      | Slain by Duvessa

Illustrated notes

Levels and vault maps discovered:
D:1:      spicycebolla_arrival_xxxplode, layout_loops_ring
D:2:      layout_basic, minmay_tetromino_s2, uniq_jessica
D:3:      layout_basic, mainiacjoe_overflow_large_starburst,
          hangedman_decor_clover_reticule, minmay_misc_feat_columns
D:4:      cheibrodos_thug_alley, layout_cave_pods, tgw_kikubaaqudgha,
          minmay_temple_entry_grid, uniq_duvessa
D:5:      layout_cave_pools, ashenzari_conservatory_becter,
          gammafunk_temple_overflow_pools, uniq_grinder, uniq_menkaure
D:6:      layout_cave_pools, mainiacjoe_overflow_catwalk,
          uniq_crazy_yiuf_cottage, uniq_maggie, uniq_blork_the_orc,
          uniq_eustachio

Skill      XL: |  1  2  3  4  5  6 |
---------------+-------------------+-----
Axes           | 2 3 |  3.6
Armour         | 4 5 6 |  6.0
Fighting       | 3 |  3.2
Shields        | 4 |  4.1
Dodging        | |  0.6
Stealth        | |  0.2

Action                   |  1- 3 |  4- 6 || total
-------------------------+-------+-------++-------
Melee: War axe           |    88 |   155 ||   243
       Tailslap          |     4 |    13 ||    17
  Use: Scroll            |     2 |     6 ||     8
       Potion            |       |     1 ||     1
Armor: Scale mail        |    46 |   106 ||   152
Dodge: Dodged            |    35 |    54 ||    89
Block: Buckler           |    26 |    30 ||    56

Table legend: (Time is in decaauts)
 A = Elapsed time spent in this place.
 B = Non-inter-level travel time spent in this place.
 C = Inter-level travel time spent in this place.
 D = Time resting spent in this place.
 E = Time spent auto-exploring this place.
 F = Levels seen in this place.
 G = Mean time per level.
                   A        B        C        D        E       F      G
               +--------+--------+--------+--------+--------+-----+--------+
         Total |   4074 |   4074 |      0 |    575 |      0 |   6 |  679.0 |
       Dungeon |   4074 |   4074 |      0 |    575 |      0 |   6 |  679.0 |
               +--------+--------+--------+--------+--------+-----+--------+

Top non-repeatable levels by time:
     D:2: 1519 daAuts
     D:3: 1254 daAuts
     D:1: 880 daAuts
     D:5: 206 daAuts
     D:4: 203 daAuts
     D:6: 11 daAuts
